 Dungeon Crawl Stone Soup version 0.31.0-12-g77e489cdc1 (webtiles) character file.

Game seed: 218095651631285154

5140 James the Thaumaturge (level 10, -5/56 HPs)
             Began as a Deep Elf Conjurer on Feb 23, 2024.
             Was a Follower of Vehumet.
             Slain by a warg (11 damage)
             ... on level 9 of the Dungeon.
             The game lasted 00:43:11 (11008 turns).

James the Thaumaturge (Deep Elf Conjurer)          Turns: 11008, Time: 00:43:11

Health: -5/56      AC:  6    Str:  4    XL:     10   Next: 33%
Magic:  15/27      EV: 15    Int: 28    God:    Vehumet [*.....]
Gold:   364        SH:  0    Dex: 13    Spells: 19/32 levels left

rFire   + . .        a - +2 dagger (elec)
rCold   + . .        (no shield)
rNeg    . . .        n - +1 robe
rPois   .            L - +2 helmet
rElec   .            K - scarf {rC+ rF+}
rCorr   .            (no gloves)
SInv    +            (no boots)
Will    +....        w - amulet of the acrobat
Stlth   ++           z - ring of see invisible
HPRegen 0.29/turn    (no ring)
MPRegen 0.20/turn

%: acrobat
@: no status effects
A: no striking features
a: Renounce Religion


You were on level 9 of the Dungeon.
You worshipped Vehumet.
Vehumet was aware of your devotion.
You visited 2 branches of the dungeon, and saw 10 of its levels.
You also visited: Sewer.

You collected 364 gold pieces.

Inventory:

Hand Weapons
 a - a +2 dagger of electrocution (weapon)
   (You took it off Dowan on level 5 of the Dungeon)
 b - a +0 rapier of protection
   (You found it on level 3 of the Dungeon)
 f - a +0 dagger of venom
   (You took it off an orc wizard on level 8 of the Dungeon)
 r - a +0 sling
   (You took it off a goblin on level 2 of the Dungeon)
 s - a +2 vampiric dagger {!w}
   (You took it off a kobold on level 1 of the Dungeon)
 D - a +2 scimitar of electrocution
   (You took it off Duvessa on level 5 of the Dungeon)
 M - a +1 spear of flaming
   (You found it on level 4 of the Dungeon)
 O - a +0 quarterstaff
   (You found it on level 5 of the Dungeon)
 P - a +4 dagger
   (You took it off a kobold brigand in a sewer)
 T - a +0 long sword
   (You found it on level 2 of the Dungeon)
 Y - a +0 shortbow
   (You took it off a centaur on level 6 of the Dungeon)
Missiles
 m - 2 throwing nets {!f}
 o - 6 boomerangs
 C - 50 poisoned darts
 N - 2 javelins
 Q - 2 curare-tipped darts {!f}
Armour
 j - a +0 scale mail
   (You found it on level 5 of the Dungeon)
 n - a +1 robe (worn)
 u - a +0 leather armour
   (You found it on level 2 of the Dungeon)
 y - the +0 ring mail of Anaesthesia {Dex+3}
   (You found it on level 2 of the Dungeon)

   Dex+3:     It affects your dexterity (+3).
 E - a +0 robe
   (You found it on level 3 of the Dungeon)
 K - a scarf of resistance (worn)
   (You found it on level 4 of the Dungeon)
 L - a +2 helmet (worn)
   (You found it on level 4 of the Dungeon)
 S - a +0 ring mail of fire resistance
   (You took it off an orc on level 8 of the Dungeon)
 U - a +0 plate armour
   (You took it off an orc warrior on level 6 of the Dungeon)
 V - a +0 chain mail
   (You took it off an orc priest on level 6 of the Dungeon)
 W - a +0 scale mail
   (You took it off an orc on level 6 of the Dungeon)
Jewellery
 e - an amulet of regeneration
   (You found it on level 5 of the Dungeon)
 i - a ring of ice
   (You found it on level 7 of the Dungeon)
 v - an amulet of reflection
   (You found it on level 8 of the Dungeon)
 w - an amulet of the acrobat (around neck)
   (You found it on level 2 of the Dungeon)
 z - a ring of see invisible (left hand)
   (You found it on level 7 of the Dungeon)
Wands
 d - a wand of iceblast (4)
   (You found it on level 8 of the Dungeon)
 t - a wand of flame (10)
   (You found it on level 9 of the Dungeon)
 B - a wand of charming (4)
   (You found it on level 8 of the Dungeon)
Scrolls
 c - 3 scrolls of identify {@r1}
 g - 2 scrolls of immolation {!r}
 k - 3 scrolls of vulnerability {!r}
 F - a scroll of fear
 G - a scroll of enchant weapon {unknown}
 X - 2 scrolls of teleportation {@r4}
Potions
 h - 2 potions of mutation {!q}
 l - a potion of might
 p - 6 potions of curing {@q1}
 q - a potion of enlightenment
 x - 3 potions of haste {@q3}
 A - a potion of cancellation
 H - a potion of magic
 I - a potion of lignification {!q}
 J - 3 potions of resistance
 R - a potion of invisibility
 Z - a potion of attraction {!q}


   Skills:
 + Level 4.1 Fighting
 + Level 7.8 Dodging
 - Level 3.0 Stealth
 + Level 11.9 Spellcasting
 + Level 8.8 Conjurations
 - Level 5.0 Translocations
 - Level 3.0 Ice Magic
 - Level 3.0 Air Magic


You had 19 spell levels left.
You knew the following spells:

 Your Spells              Type           Power      Damage    Failure   Level
a - Magic Dart            Conj           100%       1d8       1%          1
b - Hailstorm             Conj/Ice       49%        3d10      1%          3
c - Swiftness             Air            33%        N/A       3%          3
s - Searing Ray           Conj           100%       2d8       1%          2
x - Iskenderun's Mystic   Conj/Tloc      53%        2d11      1%          4

Your spell library contained the following spells:

 Spells                   Type           Power      Damage    Failure   Level
 Kiss of Death            Conj/Necr      100%       2d13      1%          1
 Freeze                   Ice            100%       1d10      1%          1
 Shock                    Conj/Air       100%       1d9       1%          1
 Frozen Ramparts          Ice            66%        1d10      3%          3
 Fulminant Prism          Conj/Alch      20%        3d12      5%          4
 Airstrike                Air            16%        2d(3-19)  10%         4


Dungeon Overview and Level Annotations

Branches:
Dungeon (9/15)             Temple (1/1) D:6           Sewer (visited)
   Lair: D:8-11         Orc: D:9-12

Altars:
Ashenzari
Cheibriados
Dithmenos
Elyvilon
Fedhas
Gozag
Hepliaklqana
Kikubaaqudgha
Makhleb
Nemelex Xobeh
Okawaru
Qazlal
Ru
Sif Muna
Trog
Uskayaw
Vehumet
Wu Jian
Xom
Yredelemnul
Zin
The Shining One


Message History

You hear a shout!
You see here a +0 whip.
A kobold brigand and 3 kobolds come into view.
The kobold brigand is wielding a +0 whip and quivering curare-tipped darts.
The kobold brigand shouts!
The kobold shouts!
The orc priest shouts!
You hear a shout! x2
An orc comes into view. It is wielding a +0 mace.
A kobold comes into view. It is wielding a +0 dagger.
The kobold shouts!
You hear a shout! x2
An orc comes into view. It is wielding a +0 trident.
The kobold attacks as it pursues you! The kobold hits you but does no damage.
The warg pauses to sniff the ground.
The warg misses you.
Press: ? - help, Shift-Dir - straight line, f - warg
Aim: a warg (79% to hit)
The searing ray hits the warg but does no damage.
The searing ray hits the kobold!
You kill the kobold!
Vehumet accepts your kill.
The searing ray hits the kobold.
You kill the kobold!
Vehumet accepts your kill.
You feel your power returning.
The searing ray hits the kobold!
You kill the kobold!
Vehumet accepts your kill. (Press . to maintain the ray.)
The warg bites you!
You erupt in a blast of force!
The mystic blast hits the warg but does no damage.
The warg bites you!!
* * * LOW HITPOINT WARNING * * *
The warg barely misses you.
You erupt in a blast of force!
The mystic blast hits the gnoll!
You kill the gnoll!
Vehumet accepts your kill.
The mystic blast hits the warg!
The warg bites you!!
* * * LOW HITPOINT WARNING * * *
The warg barely misses you.
Okay, then.
Unknown command.
Okay, then.
Unknown command.
The orc priest looks satisfied for a moment.
The warg misses you.
You erupt in a blast of force!
The mystic blast hits the orc!!
You kill the orc!
Vehumet accepts your kill.
The mystic blast hits the warg.
The warg bites you!
You die...

...# ####K.....[......# ...#
#)............# ...#
#oo...........# ...####
#K#####...##### ......#
########K##.##...# ..###.#
.................# ..###.#
.......).........# ......#
.......h>........# .. ......#
.......@.........#..... ......#
.................#.....#
......##########'##########......
.................................
.....#........###................
.....#........###.........[......
.....#.......................#...
#....#...........[...........#...
#....#..........<...####.....#..#


You could see a warg, a kobold brigand, an orc priest, an orc and a kobold.

Vanquished Creatures
  A troll (D:9)
  11 yaks (D:9)
  A wraith (D:5)
  A water moccasin (D:3)
  Duvessa (D:5)
  2 sky beasts
  A black bear (D:4)
  2 ice beasts (D:7)
  An ogre (D:5)
  3 orc warriors
  2 centaurs
  2 crocodiles (Sewer)
  A phantom (D:4)
  6 kobold brigands
  A gnoll sergeant (D:7)
  2 bullfrogs
  2 scorpions
  Dowan (D:5)
  A howler monkey (D:6)
  A quasit (D:5)
  4 hounds
  3 jellies
  3 orc priests
  5 iguanas
  6 orc wizards
  5 gnolls
  12 adders
  2 river rats (Sewer)
  2 shadow imps
  4 white imps
  7 ufetubi
  2 dart slugs
  5 ribbon worms
  23 orcs
  7 ball pythons
  6 endoplasms
  5 giant cockroaches
  5 goblins
  7 hobgoblins
  6 jackals
  A quokka (D:4)
  5 bats
  3 frilled lizards
  15 kobolds
  6 rats
192 creatures vanquished.

Notes
Turn   | Place    | Note
-------+----------+-------------------------------------------
     0 | D:1      | James the Deep Elf Conjurer began the quest for the Orb.
     0 | D:1      | Reached XP level 1. HP: 10/10 MP: 6/6
   519 | D:1      | Reached XP level 2. HP: 15/15 MP: 2/8
   782 | D:1      | Learned a level 2 spell: Searing Ray
  1071 | D:2      | Found a faded altar of an unknown god.
  1232 | D:2      | Identified the +0 ring mail of Anaesthesia {Dex+3}
  1253 | D:2      | Reached XP level 3. HP: 19/19 MP: 6/10
  1394 | D:2      | Reached skill level 4 in Spellcasting
  1764 | D:3      | Noticed a water moccasin
  1773 | D:3      | Killed a water moccasin
  1774 | D:3      | Reached skill level 1 in Fighting
  1774 | D:3      | Reached skill level 5 in Conjurations
  1774 | D:3      | Reached XP level 4. HP: 19/25 MP: 0/12
  1774 | D:3      | Reached XP level 5. HP: 22/29 MP: 0/14
  2477 | D:3      | Reached skill level 5 in Spellcasting
  2531 | D:3      | Learned a level 4 spell: Iskenderun's Mystic Blast
  2686 | D:4      | Reached XP level 6. HP: 34/34 MP: 10/16
  3311 | D:4      | Found a shadowy altar of Dithmenos.
  3311 | D:4      | Found an ornate altar of the Wu Jian Council.
  3319 | D:4      | Reached skill level 6 in Spellcasting
  3319 | D:4      | Found a hide-covered altar of Uskayaw.
  3345 | D:4      | Found a burning altar of Makhleb.
  3347 | D:4      | Found a hazy altar of Hepliaklqana.
  3467 | D:5      | Entered Level 5 of the Dungeon
  3472 | D:5      | Reached skill level 5 in Dodging
  3535 | D:5      | Reached XP level 7. HP: 40/40 MP: 13/18
  3880 | D:5      | Reached skill level 7 in Spellcasting
  3985 | D:5      | Learned a level 3 spell: Hailstorm
  4346 | D:5      | Noticed Duvessa
  4368 | D:4      | Reached skill level 1 in Ice Magic
  4466 | D:5      | Noticed Dowan
  4476 | D:5      | Killed Dowan
  5168 | D:5      | Noticed a wraith
  5177 | D:5      | Killed a wraith
  5178 | D:5      | Reached skill level 8 in Spellcasting
  5178 | D:5      | Reached XP level 8. HP: 27/44 MP: 9/22
  5414 | D:5      | Killed Duvessa
  5415 | D:5      | Reached skill level 1 in Translocations
  5595 | D:6      | Reached skill level 9 in Spellcasting
  5806 | D:6      | Found a glowing drain.
  5816 | Sewer    | Entered a sewer
  6113 | Sewer    | Reached skill level 10 in Spellcasting
  6117 | Sewer    | Learned a level 3 spell: Swiftness
  6293 | Sewer    | Reached skill level 1 in Air Magic
  6827 | D:6      | Reached XP level 9. HP: 37/48 MP: 14/25
  6894 | D:6      | Found a staircase to the Ecumenical Temple.
  7011 | Temple   | Entered the Ecumenical Temple
  7019 | Temple   | Became a worshipper of Vehumet
  7063 | D:6      | Found Veulijem's General Store.
  8457 | D:7      | Reached skill level 5 in Translocations
  9078 | D:8      | Found an ancient bone altar of Kikubaaqudgha.
  9428 | D:8      | Reached * piety under Vehumet
  9428 | D:8      | Offered knowledge of Kiss of Death by Vehumet.
  9855 | D:9      | Noticed a troll
  9865 | D:9      | Reached skill level 11 in Spellcasting
  9865 | D:9      | Killed a troll
  9984 | D:9      | Reached XP level 10. HP: 48/56 MP: 10/27
 11008 | D:9      | Slain by a warg

Illustrated notes

Levels and vault maps discovered:
D:1:      dpeg_arrival_lava_temple_mockup, layout_basic, minivault_23,
          minmay_fountain_box
D:2:      layout_basic, shapermc_ecumenical_altar_mp_urbaneastern, hex_tiny
D:3:      layout_basic, minmay_statues_item
D:4:      layout_cave_pools, chequers_temple_overflow_minitemple,
          dk_noncrumbling_2, minmay_misc_feat_four_crosses
D:5:      layout_basic, serial_demonic, serial_demonic_e, serial_demonic_f,
          serial_demonic_b, serial_demonic_c, serial_demonic_b,
          minmay_small_thing, uniq_duvessa
D:6:      layout_loops_ring, minmay_temple_entry_statues_pillars,
          cheibrodos_sewer_entry_drain, serial_shops, shop,
          nicolae_elevator_lobby_plus
D:7:      layout_loops_corners, chequers_serial_rivers_small_a
D:8:      layout_loops_corners, mainiacjoe_overflow_brackets
D:9:      layout_stronghold, erik_orc_4
Temple:   nicolae_temple_x_marks_the_god

Skill      XL: |  1  2  3  4  5  6  7  8  9 10 |
---------------+-------------------------------+-----
Dodging        | 3 4 5 7 |  7.8
Spellcasting   | 4 5 6 8 10 11 | 11.9
Fighting       | 1 2 3 4 |  4.1
Conjurations   | 5 6 7 8 |  8.8
Stealth        | 3 |  3.0
Ice Magic      | 3 |  3.0
Translocations | 4 5 |  5.0
Air Magic      | 1 3 |  3.0

Action                     |  1- 3 |  4- 6 |  7- 9 | 10-12 || total
---------------------------+-------+-------+-------+-------++-------
  Melee: Spear             |     3 |       |       |       ||     3
         Dagger            |     3 |    11 |    97 |     9 ||   120
         Punch             |       |       |     1 |     1 ||     2
   Cast: Magic Dart        |    35 |    55 |     5 |       ||    95
         Searing Ray       |     7 |    14 |    70 |     6 ||    97
         Iskenderun's Myst |       |       |    28 |    18 ||    46
         Hailstorm         |       |       |     2 |     1 ||     3
    Use: Scroll            |       |     5 |    14 |     1 ||    20
   Stab: Sleeping          |     1 |     1 |     3 |       ||     5
 Armour: Robe              |     7 |    12 |    83 |    10 ||   112
  Dodge: Dodged            |     9 |    17 |   207 |    24 ||   257
